 Dungeon Crawl Stone Soup version 0.22.0 (webtiles) character file.

805 Blackhawk the Skirmisher (level 7, -2/63 HPs)
             Began as a Hill Orc Fighter on Oct 21, 2018.
             Was an Initiate of Gozag.
             Slain by Grinder (4 damage)
             ... on level 4 of the Dungeon.
             The game lasted 00:09:42 (4442 turns).

Blackhawk the Skirmisher (Hill Orc Fighter)         Turns: 4442, Time: 00:09:43

Health: -2/63      AC: 10    Str: 21    XL:     7   Next: 91%
Magic:  7/7        EV:  6    Int:  8    God:    Gozag
Gold:   513        SH: 10    Dex: 10    Spells: 6/6 levels left

rFire    . . .     SeeInvis .   a - +0 war axe
rCold    . . .     Gourm    .   c - +0 shield
rNeg     . . .     Faith    .   j - +0 chain mail
rPois    .         Spirit   .   (no helmet)
rElec    .         Reflect  .   (no cloak)
rCorr    .         Harm     .   (no gloves)
MR       .....                  (no boots)
Stlth    ..........             (no amulet)
HPRegen  0.20/turn              (no ring)
MPRegen  0.10/turn              (no ring)

@: gold aura, fainting
A: no striking features
a: Potion Petition, Call Merchant, Bribe Branch, Renounce Religion


You were on level 4 of the Dungeon.
You worshipped Gozag.
Gozag was pleased with you.
You were fainting.

You visited 1 branch of the dungeon, and saw 4 of its levels.

You collected 534 gold pieces.
You paid 21 gold pieces to Gozag.

Inventory:

Hand Weapons
 a - a +0 war axe (weapon)
 r - a +0 hunting sling
Missiles
 e - 148 stones (quivered)
 k - 8 exploding tomahawks
Armour
 b - a +0 scale mail
 c - a +0 shield (worn)
 j - a +0 chain mail (worn)
 u - a +2 pair of gloves of dexterity
Wands
 v - a wand of polymorph (11)
Scrolls
 h - a scroll of random uselessness {unknown}
 i - a scroll of enchant weapon {unknown}
 m - 6 scrolls of amnesia {unknown}
 n - 3 scrolls of enchant armour {unknown}
 o - 3 scrolls of teleportation {unknown}
 p - a scroll of remove curse {unknown}
 t - 2 scrolls of fear {unknown}
 w - 2 scrolls of magic mapping {unknown}
Potions
 d - a potion of might
 f - 2 potions of mutation {unknown}
 g - 3 potions of curing {unknown}
 l - 3 potions of haste {unknown}
 q - 2 potions of degeneration {unknown}
 s - a potion of berserk rage {unknown}


   Skills:
 + Level 6.2 Fighting
 + Level 6.1 Axes
 + Level 5.8 Armour
 + Level 5.7 Shields


You had 6 spell levels left.
You didn't know any spells.
Your spell library was empty.

Dungeon Overview and Level Annotations

Branches:
Dungeon (4/15)
 Temple: D:4-7

Altars:
Cheibriados
Dithmenos
Gozag
Sif Muna
Uskayaw
Vehumet
Yredelemnul
Zin

Annotations:
D:4 Grinder


Message History

Grinder comes into view.
Grinder shouts!
Grinder blinks!
You block the orc's attack.
Found a ration.
You hit the orc but do no damage. You block the orc's attack.
You closely miss the orc. You block the orc's attack.
You closely miss the orc. You closely miss Grinder. You block the orc's attack.
Grinder hits you but does no damage.
Your shield prevents you from hitting the orc.
You barely miss Grinder.
You are fainting from starvation!
The orc hits you but does no damage. Grinder barely misses you.
You block Grinder's attack. The orc barely misses you.
You slash the orc!
You kill the orc!
You closely miss Grinder. Grinder hits you.
* * * LOW HITPOINT WARNING * * *
You writhe in agony.
You die...
Your body crumbles into a pile of gold.

## ###.(...#.#...
###................. .
....####........... #.
##................. ...
................... %...
#.##.....###.$....
..#..##.###...## ##...).
..............## #...).
#.....$@.......# #.....
#.....5......#$.......?.
............$.....######
...............##..
.#.......###+##..##
#..###### #.. $ .... $ $
$ #. ... $ $ $


You could see Grinder.

Vanquished Creatures
  Sigmund (D:2)
  Blork the orc (D:4)
  A scorpion (D:3)
  A howler monkey (D:3)
  A crimson imp (D:3)
  A centaur skeleton (D:4)
  An orc priest (D:3)
  Ijyb (D:3)
  Terence (D:2)
  Jessica (D:3)
  An iguana (D:4)
  An orc wizard (D:3)
  A worker ant (D:3)
  A hound skeleton (D:4)
  Robin (D:3)
  3 river rats (D:3)
  6 adders
  2 oozes (D:1)
  4 worms
  3 dart slugs
  A leopard gecko (D:1)
  9 orcs
  4 ball pythons
  2 giant cockroaches
  18 goblins
  9 hobgoblins
  A quokka (D:4)
  9 bats
  6 frilled lizards
  16 kobolds
  8 rats
116 creatures vanquished.

Notes
Turn   | Place    | Note
-------+----------+-------------------------------------------
     0 | D:1      | Blackhawk the Hill Orc Fighter began the quest for the Orb.
     0 | D:1      | Reached XP level 1. HP: 19/19 MP: 1/1
    58 | D:1      | Reached XP level 2. HP: 25/27 MP: 2/2
   240 | D:1      | Reached XP level 3. HP: 29/33 MP: 3/3
  1042 | D:2      | Reached XP level 4. HP: 37/40 MP: 4/4
  1202 | D:2      | Found a hide-covered altar of Uskayaw.
  1251 | D:2      | Noticed Terence
  1293 | D:2      | Killed Terence
  1541 | D:2      | Found a glowing silver altar of Zin.
  1541 | D:2      | Found an opulent altar of Gozag.
  1566 | D:2      | Became a worshipper of Gozag Ym Sagoz the Greedy
  1699 | D:2      | Found a snail-covered altar of Cheibriados.
  1702 | D:2      | Noticed Sigmund
  1709 | D:2      | Killed Sigmund
  1709 | D:2      | Reached skill level 5 in Fighting
  1709 | D:2      | Reached XP level 5. HP: 35/48 MP: 5/5
  1709 | D:2      | Reached XP level 6. HP: 41/56 MP: 6/6
  2564 | D:3      | Noticed Robin
  2580 | D:3      | Killed Robin
  2580 | D:3      | Reached skill level 5 in Axes
  2586 | D:3      | Reached skill level 5 in Armour
  2778 | D:3      | Found a radiant altar of Vehumet.
  3226 | D:3      | Found a shadowy altar of Dithmenos.
  3238 | D:3      | Found a deep blue altar of Sif Muna.
  3389 | D:3      | Noticed Jessica
  3390 | D:3      | Reached skill level 5 in Shields
  3395 | D:3      | Killed Jessica
  3395 | D:3      | Reached XP level 7. HP: 61/61 MP: 7/7
  3492 | D:3      | Noticed Ijyb
  3512 | D:3      | Killed Ijyb
  3575 | D:3      | Found a basalt altar of Yredelemnul.
  4334 | D:4      | Noticed Blork the orc
  4412 | D:4      | Killed Blork the orc
  4423 | D:4      | HP: 3/63 [centaur skeleton (1)]
  4425 | D:4      | HP: 1/63 [centaur skeleton (3)]
  4437 | D:4      | Noticed Grinder
  4442 | D:4      | HP: 2/63 [Grinder (2)]
  4442 | D:4      | Slain by Grinder

Skill      XL: |  1  2  3  4  5  6  7 |
---------------+----------------------+-----
Axes           | 3 4 5 6 |  6.1
Fighting       | 4 5 6 |  6.2
Armour         | 4 5 |  5.8
Shields        | 4 5 |  5.7

Action                   |  1- 3 |  4- 6 |  7- 9 || total
-------------------------+-------+-------+-------++-------
Melee: War axe           |   118 |   240 |   118 ||   476
       Unarmed           |       |       |    11 ||    11
  Eat: Chunk             |     1 |     2 |       ||     3
       Ration            |       |     2 |       ||     2
Armor: Scale mail        |    14 |       |       ||    14
       Chain mail        |    37 |    97 |    69 ||   203
       Skin              |       |       |     5 ||     5
Dodge: Dodged            |    32 |    53 |    36 ||   121
Block: Shield            |    63 |   125 |    67 ||   255
